 Dungeon Crawl Stone Soup version 0.29-a0-284-gf9362112df (webtiles) character file.

Game seed: 15492068528802111677

18247 IEatYoBabies the Summoner (level 12, -14/83 HPs)
             Began as a Barachi Summoner on Mar 26, 2022.
             Was an Elder of Hepliaklqana.
             Demolished by a death knight
             ... wielding a +3 great sword
              (21 damage)
             ... on level 11 of the Dungeon.
             The game lasted 00:53:44 (15259 turns).

IEatYoBabies the Summoner (Barachi Summoner)       Turns: 15259, Time: 00:53:45

Health: -14/83     AC: 13    Str: 17    XL:     12   Next: 56%
Magic:  26/26      EV: 14    Int: 20    God:    Hepliaklqana [****..]
Gold:   603        SH:  0    Dex: 12    Spells: 19/32 levels left

rFire   . . .      SeeInvis .   L - +9 spear (venom)
rCold   . . .      Faith    .   (no shield)
rNeg    . . .      Spirit   .   A - +3 leather armour
rPois   .          Reflect  .   N - +0 helmet
rElec   .          Harm     .   G - +0 cloak
rCorr   .          Rampage  .   (no gloves)
Will    .....                   (no boots)
Stlth   ++........              i - amulet of magic regeneration
HPRegen 0.23/turn               j - +6 ring of strength
MPRegen 0.60/turn               s - +4 ring of protection

@: unable to hop, studying Bows, slow
A: reduced essence, amphibious, slowness 1, strong legs 1, +LOS
a: Hop, Renounce Religion, Recall Ancestor, Ancestor Identity, Transference,
Idealise


You were on level 11 of the Dungeon.
You worshipped Hepliaklqana.
Hepliaklqana was greatly pleased with you.
You visited 1 branch of the dungeon, and saw 12 of its levels.
You visited the Abyss 1 time.
You also visited: Sewer.

You collected 702 gold pieces.
You spent 99 gold pieces at shops.

Inventory:

Hand Weapons
 g - a +0 spear
 w - a +0 halberd
 L - a +9 spear of venom (weapon)
Missiles
 e - 302 stones
 u - 4 throwing nets
 M - 2 curare-tipped darts
Armour
 a - a +0 robe
 d - a +0 ring mail
 m - a +0 buckler
 A - a +3 leather armour (worn)
 G - a +0 cloak (worn)
 N - a +0 helmet (worn)
Jewellery
 i - an amulet of magic regeneration (around neck)
 j - a +6 ring of strength (left hand)
 s - a +4 ring of protection (right hand)
 D - a ring of resist corrosion
 T - a ring of protection from fire
 U - a +6 ring of dexterity
Wands
 x - a wand of mindburst (34) (quivered)
 J - a wand of iceblast (13)
 R - a wand of polymorph (5)
Scrolls
 f - a scroll of fog
 h - a scroll of torment {unknown}
 k - 2 scrolls of vulnerability
 l - 7 scrolls of fear
 n - 4 scrolls of teleportation
 o - 2 scrolls of immolation
 y - 2 scrolls of amnesia
 B - a scroll of acquirement {unknown}
 C - 2 scrolls of noise {unknown}
 F - 3 scrolls of silence {unknown}
 Q - a scroll of brand weapon {unknown}
 S - a scroll of blinking {unknown}
Potions
 b - 3 potions of magic
 c - 2 potions of haste
 p - 2 potions of cancellation
 r - 2 potions of lignification {unknown}
 t - 3 potions of heal wounds
 v - a potion of resistance
 z - 3 potions of flight {unknown}
 E - a potion of mutation {unknown}
 H - 2 potions of curing
 I - a potion of brilliance {unknown}
 K - 2 potions of degeneration {unknown}
 O - a potion of invisibility {unknown}
 P - a potion of might {unknown}


   Skills:
 * Level 8.3 Fighting
 + Level 7.2 Polearms
 + Level 4.4 Armour
 * Level 7.8 Dodging
 + Level 3.3 Stealth
 - Level 0.2 Shields
 * Level 10.5 Spellcasting
 + Level 1.0 Hexes
 * Level 11.3 Summonings
 - Level 4.0 Air Magic
 * Level 6.4 Invocations


You had 19 spell levels left.
You knew the following spells:

 Your Spells              Type           Power      Damage    Failure   Level
a - Summon Small Mammal   Summ           100%       N/A       1%          1
b - Call Imp              Summ           54%        N/A       1%          2
c - Call Canine Familiar  Summ           54%        N/A       1%          3
d - Summon Guardian Gole  Hex/Summ       35%        N/A       1%          3
e - Summon Lightning Spi  Summ/Air       41%        N/A       3%          4

Your spell library contained the following spells:

 Spells                   Type           Power      Damage    Failure   Level
 Shock                    Conj/Air       72%        1d7       3%          1
 Swiftness                Air            26%        N/A       4%          3
 Beastly Appendage        Tmut           20%        N/A       8%          1
 Magic Dart               Conj           40%        1d5       8%          1
 Wereblood                Tmut           10%        N/A       12%         2
 Mephitic Cloud           Conj/Pois/Air  15%        N/A       14%         3
 Airstrike                Air            13%        N/A       16%         4
 Spider Form              Tmut/Pois      10%        N/A       24%         3
 Orb of Destruction       Conj           5%         9d5       100%        7
 Spellforged Servitor     Conj/Summ      16%        N/A       100%        7


Dungeon Overview and Level Annotations

Branches:
Dungeon (12/15)            Temple (0/1) D:5            Lair (0/6) D:11
    Orc (0/2) D:12          Sewer (visited)

Altars:
Elyvilon
Fedhas
Gozag
Hepliaklqana
Kikubaaqudgha
Makhleb
Nemelex Xobeh
Qazlal
Ru
Sif Muna
Vehumet
Yredelemnul
Zin

Shops:
D:9 (   D:11 *(([

Portals:
Trove: D:11 (give +2 shadow dragon scales)

Annotations:
D:5 1 exclusion


Innate Abilities, Weirdness & Mutations

Your life essence is reduced to manifest your ancestor. (-10% HP)
You are amphibious.
You cover ground slowly.
You can hop short distances.
You have an extended range of vision and can be seen from far away.


Message History

The death knight hits your lightning spire with a +3 great sword!!
You climb upwards.
Your summoned ally is left behind.
There is a stone staircase leading down here.
Unknown command.
Unknown command.
Unknown command.
You hit the death knight.
The death knight looks as sick as possible!
The death knight is severely wounded.
You barely miss the death knight.
The death knight is severely wounded.
The death knight hits you with a +3 great sword!!
You are too injured to fight recklessly!
You are too injured to fight recklessly!
You are too injured to fight recklessly!
Reach: L) +9 spear (venom)
Press: ? - help, Dir - move target, f - death knight
Aim: a death knight, wielding a +3 great sword and wearing a +0 chain mail (severely wounded, extremely poisoned, about 26% to evade your +9 spear of venom)
You hit the death knight but do no damage.
The death knight looks as sick as possible!
The death knight is severely wounded.
The death knight closely misses you.
Reach: L) +9 spear (venom)
Press: ? - help, Dir - move target, f/p - death knight
Aim: a death knight, wielding a +3 great sword and wearing a +0 chain mail (severely wounded, extremely poisoned, about 26% to evade your +9 spear of venom)
You hit the death knight.
The death knight looks as sick as possible!
The death knight is severely wounded.
The death knight hits you with a +3 great sword!!
* * * LOW HITPOINT WARNING * * *
Reach: L) +9 spear (venom)
Press: ? - help, Dir - move target, f/p - death knight
Aim: a death knight, wielding a +3 great sword and wearing a +0 chain mail (almost dead, extremely poisoned, about 26% to evade your +9 spear of venom)
You hit the death knight.
The death knight looks as sick as possible!
The death knight is almost dead.
Okay, then.
Unknown command.
The death knight hits you with a +3 great sword!!
You die...

#################################
.................................
.......##..##..##..##....#.......
.#.....##..##..##..##....#......#
................@p.##............
####.....#########.##...#########
...#...#.#......#...#...#........
...#...#.#...)....∩.....#........
...#.....#...#'##...#...#........
#..#.....#...#..##.##...#########
####.....#...'.##.......####.....
...#.....#..R#....#######..#.....
...#.....#...#....# #...'.....


You could see a death knight (extremely poisoned).

Vanquished Creatures
  Erolcha (D:12)
  Erica (D:8)
  A deep elf pyromancer (D:12)
  A cyclops (D:11)
  A troll (D:11)
  A wyvern (D:10)
  11 yaks
  A vampire mosquito (D:12)
  An acid dragon (D:11)
  3 wargs
  A nameless horror (D:9)
  2 orc warriors
  2 ogres (D:6)
  A black bear (D:5)
  A centaur (D:11)
  2 kobold brigands
  3 bullfrogs
  A necrophage (D:5)
  A gnoll sergeant (D:9)
  6 scorpions
  A small abomination (Abyss:2)
  3 wights
  5 killer bees
  6 howler monkeys
  Crazy Yiuf (D:6)
  2 hounds
  3 orc priests
  A gnoll shaman (D:6)
  10 orc wizards
  2 iguanas
  8 gnolls
  An adder (D:6)
  2 shadow imps
  A white imp (D:5)
  An ufetubus (D:7)
  2 dart slugs (D:1)
  21 orcs
  6 ball pythons
  3 bats
  3 endoplasms
  4 giant cockroaches
  5 goblins (D:2)
  8 hobgoblins
  2 jackals (D:4)
  8 kobolds
  A quokka (D:5)
  2 frilled lizards
  3 rats
157 creatures vanquished.

Vanquished Creatures (collateral kills)
  Gastronok (D:8)
  A boulder beetle (D:12)
  Harold (D:11)
  2 two-headed ogres
  A thrashing horror (Abyss:2)
  A cyclops (D:6)
  An unseen horror (D:12)
  Prince Ribbit (D:8)
  2 wraiths (D:10)
  7 yaks
  2 wyverns
  Eustachio (D:6)
  A warg (D:11)
  2 vampire mosquitoes (D:12)
  An ice beast (D:7)
  4 orc warriors
  9 ogres
  Pargi (Sewer)
  A phantom (D:5)
  3 kobold brigands
  A bullfrog (D:8)
  A necrophage (D:5)
  3 gnoll sergeants
  A scorpion (D:4)
  5 wights
  9 killer bees
  8 howler monkeys
  A jelly (D:5)
  2 gnoll shamans
  8 orc priests
  3 hounds (D:6)
  An iguana (D:4)
  13 orc wizards
  16 gnolls
  4 adders
  A worm (D:3)
  A dart slug (D:3)
  24 orcs
  A ball python (D:3)
  3 endoplasms
  3 giant cockroaches
  2 goblins (D:2)
  7 hobgoblins
  11 kobolds
  2 quokkas
  6 bats
  2 frilled lizards (D:2)
  2 rats
184 creatures vanquished.

Vanquished Creatures (others)
  A gargoyle (D:10)
  3 yaks (D:10)
  A vampire mosquito (D:12)
  A gnoll shaman (D:6)
  4 knights
  An orc wizard (D:4)
  9 ancestors
  An orc (D:6)
  6 fungi (D:8)
  10 plants
  A withered plant (D:1)
38 creatures vanquished.

Grand Total: 379 creatures vanquished

Notes
Turn   | Place    | Note
-------+----------+-------------------------------------------
     0 | D:1      | IEatYoBabies the Barachi Summoner began the quest for the
                  | Orb.
     0 | D:1      | Reached XP level 1. HP: 13/13 MP: 3/3
   106 | D:1      | Reached skill level 5 in Summonings
   501 | D:1      | Found a faded altar of an unknown god.
   545 | D:1      | Reached XP level 2. HP: 19/19 MP: 1/5
   686 | D:1      | Learned a level 2 spell: Call Imp
  1516 | D:2      | Reached XP level 3. HP: 14/24 MP: 5/7
  1791 | D:2      | Reached XP level 4. HP: 31/31 MP: 6/8
  1949 | D:2      | Found a stormy altar of Qazlal.
  2641 | D:3      | Reached skill level 1 in Fighting
  2669 | D:3      | Found a glowing drain.
  2742 | Sewer    | Entered a sewer
  2797 | Sewer    | Noticed Pargi
  2883 | Sewer    | Learned a level 3 spell: Call Canine Familiar
  2895 | Sewer    | Killed Pargi
  2896 | Sewer    | Reached skill level 6 in Summonings
  2896 | Sewer    | Reached XP level 5. HP: 28/38 MP: 7/10
  3379 | D:4      | Reached XP level 6. HP: 38/44 MP: 12/12
  3380 | D:4      | Found a glowing silver altar of Zin.
  3383 | D:4      | Found a hazy altar of Hepliaklqana.
  3392 | D:4      | Became a worshipper of Hepliaklqana the Forgotten
  3441 | D:4      | Reached skill level 1 in Polearms
  3985 | D:4      | Reached skill level 1 in Armour
  4248 | D:4      | Learned a level 3 spell: Summon Guardian Golem
  4253 | D:4      | Learned a level 4 spell: Summon Lightning Spire
  4289 | D:4      | Reached XP level 7. HP: 45/51 MP: 11/13
  4397 | D:4      | Found an opulent altar of Gozag.
  4398 | D:4      | Found a burning altar of Makhleb.
  4561 | D:4      | Reached * piety under Hepliaklqana
  4578 | D:4      | Found a sparkling altar of Nemelex Xobeh.
  4701 | D:5      | Entered Level 5 of the Dungeon
  4730 | D:5      | Reached skill level 7 in Summonings
  4846 | D:5      | Found a staircase to the Ecumenical Temple.
  4853 | D:5      | Reached skill level 5 in Spellcasting
  4853 | D:5      | Reached skill level 1 in Air Magic
  4860 | D:5      | Reached skill level 1 in Invocations
  4860 | D:5      | Reached XP level 8. HP: 51/51 MP: 15/15
  5072 | D:5      | Found a basalt altar of Yredelemnul.
  5234 | D:5      | Found a white marble altar of Elyvilon.
  5690 | D:6      | Identified the +2 kite shield of Abivepe {rElec Str+7}
  5737 | D:6      | Found a runed translucent door.
  5737 | D:6      | Reached ** piety under Hepliaklqana
  5738 | D:6      | Noticed Crazy Yiuf
  5754 | D:6      | Killed Crazy Yiuf
  5838 | D:6      | Noticed Eustachio
  5889 | D:6      | Killed Eustachio
  5901 | D:6      | Reached skill level 8 in Summonings
  5901 | D:6      | Reached XP level 9. HP: 21/58 MP: 18/18
  5902 | D:6      | Noticed a cyclops
  6421 | D:7      | Reached skill level 5 in Dodging
  6615 | D:7      | Reached skill level 5 in Fighting
  7416 | D:6      | Remembered your ancestor Centenhua as a knight
  7593 | D:6      | Reached XP level 10. HP: 49/68 MP: 20/20
  8058 | D:6      | Killed a cyclops
  8059 | D:6      | Reached skill level 9 in Summonings
  8523 | D:6      | Reached skill level 5 in Polearms
  8758 | D:8      | Noticed Prince Ribbit
  8766 | D:8      | Killed Prince Ribbit
  8862 | D:8      | Noticed Gastronok
  8879 | D:8      | Killed Gastronok
  8880 | D:8      | Reached XP level 11. HP: 60/74 MP: 21/23
  8880 | D:8      | Found a blossoming altar of Fedhas.
  9048 | D:8      | Noticed a two-headed ogre
  9059 | D:8      | Killed a two-headed ogre
  9060 | D:8      | Reached skill level 5 in Invocations
  9463 | D:8      | Noticed Erica
  9479 | D:8      | Killed Erica
  9575 | D:8      | Reached *** piety under Hepliaklqana
  9917 | D:9      | Found Quid's Antique Weapon Shop.
  9922 | D:9      | Reached skill level 10 in Summonings
 10802 | D:10     | Entered Level 10 of the Dungeon
 11339 | D:10     | Found a stormy altar of Qazlal.
 11858 | D:10     | Found a sacrificial altar of Ru.
 12057 | D:10     | Found a radiant altar of Vehumet.
 12064 | D:10     | Found an ancient bone altar of Kikubaaqudgha.
 12072 | D:10     | Found a shimmering blue altar of Sif Muna.
 12268 | D:11     | Found a portal to a secret trove of treasure.
 12438 | D:11     | Noticed a two-headed ogre
 12447 | D:11     | Killed a two-headed ogre
 12448 | D:11     | Reached XP level 12. HP: 82/82 MP: 21/25
 12528 | D:11     | Reached **** piety under Hepliaklqana
 12623 | D:11     | Found Uhuos's Weapon Shop.
 12625 | D:11     | Found Vitogysch's Assorted Antiques.
 12626 | D:11     | Found Qocadgh's Armour Shop.
 12628 | D:11     | Found Reikkema's Antique Weapon Shop.
 12635 | D:11     | Bought a murky cyan potion for 24 gold pieces
 12635 | D:11     | Bought a white potion for 24 gold pieces
 12635 | D:11     | Bought a metallic brown potion for 24 gold pieces
 12635 | D:11     | Bought a scroll labelled DIT NYHECELUCH for 27 gold pieces
 12657 | D:11     | Noticed Harold
 12664 | D:11     | Killed Harold
 12742 | D:11     | Reached skill level 10 in Spellcasting
 12986 | D:11     | Found a staircase to the Lair.
 13000 | D:11     | Reached skill level 11 in Summonings
 14674 | D:12     | Noticed a boulder beetle
 14700 | D:12     | Killed a boulder beetle
 14778 | D:12     | Found a staircase to the Orcish Mines.
 14959 | D:12     | Noticed Erolcha
 14959 | D:12     | Cast into level 2 of the Abyss (Erolcha)
 15002 | Abyss:2  | Noticed a wretched star
 15019 | Abyss:2  | Noticed a thrashing horror
 15032 | Abyss:2  | Killed a thrashing horror
 15057 | D:12     | Escaped the Abyss
 15064 | D:12     | Killed Erolcha
 15220 | D:12     | Noticed a death knight
 15221 | D:12     | Noticed a death knight
 15241 | D:12     | Reached skill level 1 in Hexes
 15259 | D:11     | Demolished by a death knight

Illustrated notes

Levels and vault maps discovered:
D:1:      dpeg_arrival_simpleton_b, layout_basic, shapermc_ecumenical_altar_gd,
          grunt_decor_one_mirror
D:2:      layout_basic, basic_altar, minmay_goblin_outpost
D:3:      layout_rooms, portal_sewer_entry_a, minmay_misc_feat_four_crosses
D:4:      minmay_evil_eye, layout_cave_pools, nemelex_spade_bored_becter,
          nicolae_overflow_squiral, mainiacjoe_overflow_catwalk_spiral,
          minivault_14
D:5:      layout_basic, kennysheep_ying_yang, minmay_temple_entry_mist,
          due_unseen_surprise
D:6:      lemuel_castle_with_subvaults [lemuel_castle_interior_carwin_3],
          layout_loops_ring, uniq_crazy_yiuf_cottage, uniq_eustachio
D:7:      layout_cave_pools
D:8:      layout_basic, fedhas_altar_3, uniq_gastronok, uniq_prince_ribbit1,
          uniq_erica
D:9:      layout_basic, serial_shops, nicolae_shop_overgrown_old_shop,
          minmay_misc_feat_tiny
D:10:     old_forge, layout_long_grid, palyth_temple_overflow_mages,
          grunt_qazlal_sundering, marbit_many_paths,
          chequers_serial_rivers_small_a
D:11:     layout_stronghold, erik_lair_orcish_takeover,
          nicolae_trove_entry_crossroad, minmay_shop_grid_forest, uniq_harold
D:12:     minmay_expanding_squares, layout_loops_cross, uniq_erolcha

Skill      XL: |  1  2  3  4  5  6  7  8  9 10 11 12 |
---------------+-------------------------------------+-----
Summonings     | 5 6 7 8 9 10 11 | 11.3
Spellcasting   | 3 4 5 6 7 8 9 10 | 10.5
Fighting       | 1 2 4 5 6 7 8 |  8.3
Dodging        | 3 4 5 6 7 |  7.8
Polearms       | 1 2 3 4 5 6 7 |  7.2
Armour         | 1 2 3 4 |  4.4
Stealth        | 2 3 |  3.3
Air Magic      | 1 2 3 4 |  4.0
Invocations    | 1 2 3 4 5 6 |  6.4
Hexes          | 1 |  1.0
Shields        | |  0.2

Action                   |  1- 3 |  4- 6 |  7- 9 | 10-12 || total
-------------------------+-------+-------+-------+-------++-------
Melee: Unarmed           |     9 |       |       |       ||     9
       Spear             |    27 |    63 |       |   351 ||   441
       Punch             |     1 |       |       |     2 ||     3
       Halberd           |       |    84 |   216 |    93 ||   393
 Cast: Summon Small Mamm |    34 |    52 |    17 |     9 ||   112
       Call Imp          |     4 |    21 |    14 |    18 ||    57
       Call Canine Famil |       |    12 |    27 |    30 ||    69
       Summon Guardian G |       |       |     1 |     6 ||     7
       Summon Lightning  |       |       |       |    28 ||    28
Invok: Ancestor Identity |       |       |     1 |       ||     1
       Ancestor Life: Kn |       |       |     1 |       ||     1
       Recall Ancestor   |       |       |       |     1 ||     1
 Abil: Hop               |       |     5 |     1 |     3 ||     9
Evoke: Wand              |       |       |     2 |       ||     2
  Use: Scroll            |       |     4 |     5 |     7 ||    16
       Potion            |       |     1 |     3 |     2 ||     6
 Stab: Sleeping          |       |     1 |     3 |     2 ||     6
       Distracted        |       |       |     2 |     5 ||     7
Armor: Ring mail         |    11 |    70 |       |       ||    81
       Robe              |     2 |       |       |       ||     2
       Leather armour    |       |    14 |    69 |    99 ||   182
Dodge: Dodged            |    20 |    97 |    98 |   156 ||   371

Table legend: (Time is in decaauts)
 A = Elapsed time spent in this place.
 B = Non-inter-level travel time spent in this place.
 C = Inter-level travel time spent in this place.
 D = Time resting spent in this place.
 E = Time spent auto-exploring this place.
 F = Levels seen in this place.
 G = Mean time per level.
                   A        B        C        D        E       F      G
               +--------+--------+--------+--------+--------+-----+--------+
         Total |  16956 |  16502 |    454 |   1009 |  12084 |  14 | 1211.1 |
       Dungeon |  16596 |  16142 |    454 |   1009 |  11998 |  12 | 1383.0 |
         Abyss |    109 |    109 |      0 |      0 |      0 |   1 |  109.0 |
         Sewer |    250 |    250 |      0 |      0 |     85 |   1 |  250.0 |
               +--------+--------+--------+--------+--------+-----+--------+

Top non-repeatable levels by time:
     D:6: 2350 daAuts
    D:11: 1859 daAuts
     D:1: 1641 daAuts
    D:10: 1539 daAuts
    D:12: 1355 daAuts
     D:2: 1338 daAuts
     D:9: 1186 daAuts
     D:7: 1151 daAuts
     D:8: 1069 daAuts
     D:4: 1044 daAuts
     D:3: 1034 daAuts
     D:5: 1024 daAuts
   Sewer: 250 daAuts
 Abyss:2: 109 daAuts
